 Dungeon Crawl Stone Soup version 0.29-a0-1006-g0dd7720b37 (webtiles) character file.

Game seed: 9874616277557052656

1618 concernfroge the Fighter (level 8, -4/72 HPs)
             Began as a Mummy Monk on Aug 6, 2022.
             Slain by a wight
             ... wielding a +4 halberd
              (10 damage)
             ... on level 6 of the Dungeon.
             The game lasted 00:26:37 (7645 turns).

concernfroge the Fighter (Mummy Monk)               Turns: 7645, Time: 00:26:38

Health: -4/72      AC: 13    Str: 17    XL:     8   Next: 64%
Magic:  8/8        EV:  5    Int: 13    God:
Gold:   303        SH:  0    Dex: 14    Spells: 7/7 levels left

rFire   x . .      SeeInvis .   q - +0 morningstar
rCold   + . .      Faith    .   (no shield)
rNeg    + + +      Spirit   .   b - +0 plate armour
rPois   ∞          Reflect  .   g - +0 helmet "Lesiyrcha" {Rampage rPois Will+ Int-2}
rElec   .          Harm     .   (no cloak)
rCorr   .          Rampage  +   (no gloves)
Will    ++...                   n - +1 pair of boots
Stlth   ..........              (no amulet)
HPRegen 0.22/turn               e - +6 ring of intelligence
MPRegen 0.11/turn               (no ring)

@: no status effects
A: cold resistance 1, negative energy resistance 3, torment resistance 2, heat
vulnerability 1, in touch with death 1, no potions
a: no special abilities


You were on level 6 of the Dungeon.
You visited 1 branch of the dungeon, and saw 6 of its levels.
You also visited: Sewer.

You collected 303 gold pieces.

Inventory:

Hand Weapons
 q - a +0 morningstar (weapon)
Missiles
 h - 41 poisoned darts (quivered)
Armour
 b - a +0 plate armour (worn)
 g - the +0 helmet "Lesiyrcha" (worn) {Rampage rPois Will+ Int-2}
   (You found it on level 3 of the Dungeon)

   Int:       It affects your intelligence (-2).
   rPois:     It protects you from poison.
   Rampage:   It bestows one free step when moving towards enemies.
   Will:      It increases your willpower.
 n - a +1 pair of boots (worn)
Jewellery
 e - a +6 ring of intelligence (left hand)
Wands
 l - a wand of iceblast (7)
Scrolls
 a - 2 scrolls of amnesia
 c - 5 scrolls of teleportation
 d - a scroll of vulnerability
 f - a scroll of poison
 i - a scroll of immolation {unknown}
 m - a scroll of torment
 p - a scroll of noise


   Skills:
 - Level 10.0 Fighting
 + Level 3.8 Maces & Flails
 - Level 2.4 Polearms
 - Level 2.4 Dodging
 - Level 1.5 Stealth
 - Level 2.0 Evocations


You had 7 spell levels left.
You didn't know any spells.
Your spell library contained the following spells:

 Spells                   Type           Power      Damage    Failure   Level
 Call Canine Familiar     Summ           0%         N/A       100%        3
 Conjure Flame            Conj/Fire      0%         6-21      100%        3
 Ignite Poison            Fire/Tmut/Pois 0%         N/A       100%        3
 Portal Projectile        Hex/Tloc       0%         N/A       100%        3
 Anguish                  Hex/Necr       0%         N/A       100%        4
 Leda's Liquefaction      Hex/Erth       0%         N/A       100%        4
 Sticky Flame             Conj/Fire      0%         2d3       100%        4
 Enfeeble                 Hex            0%         N/A       100%        7


Dungeon Overview and Level Annotations

Branches:
Dungeon (6/15)              Sewer (visited)
 Temple: D:4-7

Altars:
Fedhas
Kikubaaqudgha
Sif Muna
Trog
Yredelemnul


Innate Abilities, Weirdness & Mutations

You are immune to poison.
Your flesh is cold resistant. (rC+)
You are immune to negative energy. (rN+++)
You are immune to unholy pain and torment.
You are vulnerable to heat. (rF-)
You are in touch with the powers of death.
You do not drink.


Message History

The wight is moderately damaged.
The wight hits you with a +4 halberd.
You barely miss the wight.
The wight is moderately damaged.
The wight hits you with a +4 halberd. x2
You are too injured to fight recklessly!
You hit the wight.
The wight is heavily damaged.
The wight barely misses you.
You hit the wight.
The wight is severely damaged.
The wight hits you with a +4 halberd!
You closely miss the wight.
The wight is severely damaged.
The wight closely misses you.
You closely miss the wight.
The wight is severely damaged.
The wight closely misses you.
A wight comes into view. It is wielding a +4 great sword.
The wight hits you with a +4 halberd.
You hit the wight.
The wight is almost destroyed.
The wight hits you with a +4 halberd.
You barely miss the wight.
The wight is almost destroyed.
The wight hits you with a +4 halberd.
* * * LOW HITPOINT WARNING * * *
You barely miss the wight.
The wight is almost destroyed.
The wight hits you but does no damage. The wight hits you with a +4 halberd!
* * * LOW HITPOINT WARNING * * *
Okay, then.
Okay, then.
Okay, then.
Sorry, you're not good enough to have a special ability.
Okay, then.
You hit the wight but do no damage.
The wight is almost destroyed.
The wight hits you with a +4 halberd!
You die...

***,***,* ****,*,*
*,,****,,
,,,,,,,,****###....#.#
*,,,,,*,,
***,***,,,,,,.$...$..#
**,**,,*,^ ***,*
*,****##$...(..*
*,,,**,*** ,,,,*
*,,,,,,....)..,*
*,*,**,,,, *****
********.....,**
*,,_,,**** *,..z,,*
***,*,,,,, **#z#*,*
*,,,**** #@#*,* *****
#.#*,* #####.#*,*
#.....#*,* #.#####*,*
** #.# *,* *, #.# *,*
*, #.#### *,* *,
#....# *,* *,


You could see 2 wights.

Vanquished Creatures
  Maggie (D:6)
  A black bear (D:5)
  An ogre (D:4)
  A phantom (D:4)
  A kobold brigand (Sewer)
  2 necrophages (D:4)
  3 scorpions
  A wight (D:6)
  A howler monkey (D:5)
  3 jellies (D:5)
  A human zombie (D:4)
  2 orc priests
  3 iguanas
  An orc wizard (D:2)
  A hound zombie (D:4)
  2 mummies (D:4)
  6 adders
  4 gnolls
  4 river rats (Sewer)
  A shadow imp (D:3)
  A white imp (D:5)
  5 adder zombies (D:4)
  4 worms (Sewer)
  9 orcs
  10 endoplasms
  4 giant cockroaches
  9 goblins
  7 hobgoblins
  12 kobolds
  8 quokkas
  14 ball pythons
  A bat (D:2)
  A frilled lizard (D:1)
  A quokka zombie (D:4)
  12 rats
138 creatures vanquished.

Vanquished Creatures (collateral kills)
  A jelly (D:4)
1 creature vanquished.

Vanquished Creatures (others)
  4 fungi (D:3)
4 creatures vanquished.

Grand Total: 143 creatures vanquished

Notes
Turn   | Place    | Note
-------+----------+-------------------------------------------
     0 | D:1      | concernfroge the Mummy Monk began the quest for the Orb.
     0 | D:1      | Reached XP level 1. HP: 18/18 MP: 1/1
    79 | D:1      | Reached XP level 2. HP: 24/24 MP: 2/2
   403 | D:1      | Found a faded altar of an unknown god.
   891 | D:2      | Reached skill level 4 in Fighting
   948 | D:2      | Gained mutation: You are in touch with the powers of death.
                  | [Mummy growth]
   948 | D:2      | Reached XP level 3. HP: 30/30 MP: 3/3
  1972 | D:2      | Reached skill level 5 in Fighting
  1972 | D:2      | Reached XP level 4. HP: 10/39 MP: 4/4
  2271 | D:3      | Found a blossoming altar of Fedhas.
  2770 | D:3      | Identified the +0 helmet "Lesiyrcha" {Rampage rPois Will+
                  | Int-2}
  3007 | D:4      | Found a shimmering blue altar of Sif Muna.
  3065 | D:4      | Found a glowing drain.
  3090 | Sewer    | Entered a sewer
  3244 | Sewer    | Reached XP level 5. HP: 46/46 MP: 5/5
  3500 | Sewer    | Reached skill level 6 in Fighting
  4398 | D:4      | Reached XP level 6. HP: 53/53 MP: 6/6
  4415 | D:4      | Reached skill level 7 in Fighting
  4714 | D:4      | Found a basalt altar of Yredelemnul.
  5208 | D:4      | Reached skill level 8 in Fighting
  5208 | D:4      | Reached XP level 7. HP: 49/62 MP: 7/7
  5622 | D:4      | Found an ancient bone altar of Kikubaaqudgha.
  5903 | D:4      | Reached skill level 9 in Fighting
  6371 | D:5      | Entered Level 5 of the Dungeon
  6748 | D:4      | Reached XP level 8. HP: 45/72 MP: 8/8
  6892 | D:5      | Reached skill level 10 in Fighting
  7020 | D:5      | Reached skill level 1 in Evocations
  7366 | D:5      | Reached skill level 1 in Maces & Flails
  7598 | D:6      | Found a bloodstained altar of Trog.
  7624 | D:6      | Noticed Maggie
  7632 | D:6      | Killed Maggie
  7645 | D:6      | Slain by a wight

Illustrated notes

Levels and vault maps discovered:
D:1:      dpeg_arrival_line_fractal, layout_rooms,
          shapermc_ecumenical_altar_mp_highgroup, kennysheep_another_room
D:2:      kennysheep_the_goblin_king, layout_basic
D:3:      layout_basic, mainiacjoe_overflow_boulevard, dk_vineyard_2,
          minmay_shallow_snake_nest
D:4:      layout_loops_ring, lemuel_round_altar,
          lemuel_mausoleum_altar_kikubaaqudgha, nicolae_overflow_crystal_walls,
          portal_sewer_entry_f, minmay_joined_circles
D:5:      layout_rooms
D:6:      layout_loops_ring, kennysheep_mini, lemuel_crystal_altar,
          evilmike_ruin_ashenzari, serial_bayou_ford_a, uniq_grinder,
          uniq_maggie, uniq_sigmund, uniq_blork_the_orc

Skill      XL: |  1  2  3  4  5  6  7  8 |
---------------+-------------------------+-----
Fighting       | 4 5 6 8 9 10 | 10.0
Evocations     | 2 |  2.0
Maces & Flails | 3 |  3.8
Polearms       | |  2.4
Dodging        | |  2.4
Stealth        | |  1.5

Action                   |  1- 3 |  4- 6 |  7- 9 || total
-------------------------+-------+-------+-------++-------
Melee: Spear             |    46 |       |       ||    46
       Falchion          |    53 |       |       ||    53
       Quarterstaff      |    51 |   250 |   191 ||   492
       Punch             |     1 |       |     1 ||     2
       Morningstar       |       |       |    21 ||    21
Throw: Dart              |     8 |    16 |    23 ||    47
       Boomerang         |       |       |     4 ||     4
Evoke: Wand              |       |       |     7 ||     7
  Use: Scroll            |     1 |     8 |     8 ||    17
 Stab: Sleeping          |     1 |       |       ||     1
Armor: Robe              |     2 |       |       ||     2
       Plate armour      |    76 |   196 |   132 ||   404
       Ring mail         |     1 |       |       ||     1
Dodge: Dodged            |    48 |    73 |    60 ||   181

Table legend: (Time is in decaauts)
 A = Elapsed time spent in this place.
 B = Non-inter-level travel time spent in this place.
 C = Inter-level travel time spent in this place.
 D = Time resting spent in this place.
 E = Time spent auto-exploring this place.
 F = Levels seen in this place.
 G = Mean time per level.
                   A        B        C        D        E       F      G
               +--------+--------+--------+--------+--------+-----+--------+
         Total |   7930 |   7598 |    332 |    682 |   5505 |   7 | 1132.9 |
       Dungeon |   6564 |   6232 |    332 |    682 |   4452 |   6 | 1094.0 |
         Sewer |   1365 |   1365 |      0 |      0 |   1053 |   1 | 1365.0 |
               +--------+--------+--------+--------+--------+-----+--------+

Top non-repeatable levels by time:
     D:4: 2375 daAuts
     D:2: 1421 daAuts
   Sewer: 1365 daAuts
     D:5: 989 daAuts
     D:3: 898 daAuts
     D:1: 712 daAuts
     D:6: 166 daAuts
